 Dungeon Crawl Stone Soup version 0.28.0-1-gb440e238dd (webtiles) character file.

Game seed: 4390168415453917091

292639 jfcaron the Slayer (level 20, -1/247 HPs)
             Began as an Ogre Berserker on Feb 21, 2022.
             Was the Champion of Trog.
             Killed from afar by an ironbound thunderhulk (37 damage)
             ... with a bolt of lightning
             ... on level 3 of the Vaults on Feb 22, 2022.
             The game lasted 02:49:19 (66816 turns).

jfcaron the Slayer (Ogre Berserker)                Turns: 66816, Time: 02:49:23

Health: -1/247     AC: 21    Str: 32    XL:     20   Next: 80%
Magic:  20/20      EV: 11    Int:  4    God:    Trog [******]
Gold:   1688       SH: 11    Dex:  8    Spells: 19/19 levels left

rFire   . . .      SeeInvis .   r - +8 demon trident (vamp)
rCold   + + +      Faith    .   z - +0 kite shield {AC+3}
rNeg    + + .      Spirit   .   P - +0 ice dragon scales
rPois   .          Reflect  .   (helmet restricted)
rElec   .          Harm     .   D - scarf {rC+ rF+}
rCorr   .          Rampage  .   (gloves unavailable)
Will    +++..                   (boots unavailable)
Stlth   ..........              B - amulet of Yhis {rN++ Regen+ Int-4}
HPRegen 1.31/turn               n - ring of willpower
MPRegen 0.17/turn               v - +4 ring of protection

@: no status effects
A: large, unfitting armour, tough skin 1
}: 2/15 runes: decaying, serpentine
a: Renounce Religion, Berserk, Trog's Hand, Brothers in Arms


You were on level 3 of the Vaults.
You worshipped Trog.
Trog was exalted by your worship.
You visited 6 branches of the dungeon, and saw 34 of its levels.
You visited 1 bazaar.
You also visited: Sewer, Gauntlet and Ice Cave.

You collected 5081 gold pieces.
You spent 3393 gold pieces at shops.

Inventory:

Hand Weapons
 r - a +8 vampiric demon trident (weapon)
 L - a +5 demon trident of flaming
 Y - a +9 demon trident
Missiles
 A - 20 large rocks
 F - 2 throwing nets {!f}
 J - 5 boomerangs of dispersal {!f}
 K - 11 curare-tipped darts {!f}
 U - 10 silver javelins {!f}
 Z - 15 javelins
Armour
 z - a +0 kite shield of protection (worn)
 D - a scarf of resistance (worn)
 O - a +2 tower shield of poison resistance
 P - +0 ice dragon scales (worn)
Jewellery
 h - a ring of poison resistance
 n - a ring of willpower (left hand)
 v - a +4 ring of protection (right hand)
 B - the amulet of Yhis (around neck) {rN++ Regen+ Int-4}
   (You found it in a Gauntlet)

   [amulet of regeneration]

   Int:       It affects your intelligence (-4).
   rN:        It greatly protects you from negative energy.
   Regen:     It increases your rate of health regeneration.
 I - a ring of protection from fire
 R - a +4 ring of slaying
 W - a ring of see invisible
Wands
 e - a wand of mindburst (2)
 l - a wand of digging (19)
 x - a wand of charming (6)
 C - a wand of flame (12)
 E - a wand of paralysis (8)
 M - a wand of acid (27)
 T - a wand of iceblast (20)
Scrolls
 a - 6 scrolls of fear
 b - 3 scrolls of silence
 j - 10 scrolls of teleportation
 o - 3 scrolls of summoning
 s - 9 scrolls of vulnerability
 u - 5 scrolls of magic mapping
 w - 9 scrolls of identify
 y - 3 scrolls of immolation
 X - 3 scrolls of fog
Potions
 c - 2 potions of invisibility
 d - 2 potions of flight
 f - 3 potions of attraction
 g - 2 potions of haste
 i - 6 potions of mutation
 k - 16 potions of ambrosia
 m - 16 potions of curing
 p - 11 potions of heal wounds
 q - 2 potions of berserk rage
 t - 8 potions of might
 N - 3 potions of lignification
 S - 6 potions of cancellation
Miscellaneous
 G - a phantom mirror
 H - a tin of tremorstones (1/2)
 Q - a box of beasts
 V - a condenser vane (inert)


   Skills:
 + Level 24.9 Fighting
 - Level 14.0 Polearms
 - Level 12.2 Armour
 + Level 14.2 Dodging
 + Level 14.2 Shields
 - Level 12.0 Evocations


You had 19 spell levels left.
You didn't know any spells.
Your spell library contained the following spells:

 Spells                   Type           Power      Damage    Failure   Level
 Slow                     Hex            0%         N/A       86%         1
 Confusing Touch          Hex            0%         N/A       99%         3
 Vampiric Draining        Necr           0%         2d6       99%         3
 Summon Ice Beast         Ice/Summ       0%         N/A       100%        4
 Summon Mana Viper        Hex/Summ       0%         N/A       100%        5
 Monstrous Menagerie      Summ           0%         N/A       100%        7
 Chain Lightning          Conj/Air       0%         N/A       100%        9
 Fire Storm               Conj/Fire      0%         5d1       100%        9
 Shatter                  Erth           0%         3d5*      100%        9


Dungeon Overview and Level Annotations

Branches:
Dungeon (15/15)            Temple (0/1) D:6            Lair (6/6) D:11
  Swamp (4/4) Lair:2        Snake (4/4) Lair:3        Slime (0/5) Lair:6
    Orc (2/2) D:11            Elf (0/3) Orc:2        Vaults (3/5) D:14
  Crypt (0/3) Vaults:2     Depths (0/4) D:15          Sewer (visited)
  IceCv (visited)         Gauntlet (visited)

Altars:
Cheibriados
Dithmenos
Elyvilon
Trog
Uskayaw
Vehumet
Yredelemnul
The Shining One
Beogh

Shops:
D:6 (=   D:8 (   D:11 *   D:13 *   D:14 (   Orc:2 =[[*   Snake:1 ?   Snake:2 (*
Snake:3 **   Snake:4 *   Vaults:2 (([(   Vaults:3 (


Innate Abilities, Weirdness & Mutations

You are too large for most types of armour.
You have tough skin. (AC +1)


Message History

The burst of rock shards engulfs the ironbound convoker!
The burst of rock shards engulfs the ironbound preserver!
The burst of rock shards engulfs the ironbound thunderhulk!!
The burst of rock shards engulfs you but does no damage.
The burst of rock shards engulfs the deep troll!
The burst of rock shards engulfs the vault guard.
The burst of rock shards engulfs the ironbound thunderhulk!
The burst of rock shards engulfs the ironbound convoker!
You kill the ironbound convoker!
Trog accepts your kill.
Trog appreciates your killing of a magic user.
The burst of rock shards engulfs the deep troll!!
You kill the deep troll!
Trog accepts your kill.
The troll leather armour is intact enough to wear.
The burst of rock shards engulfs the ironbound thunderhulk!!
The burst of rock shards engulfs the vault guard.
The burst of rock shards engulfs the deep troll.
The burst of rock shards engulfs the ironbound preserver!
You hear a shout!
You kill the ironbound preserver!
Trog accepts your kill.
Trog appreciates your killing of a magic user.
The deep troll is engulfed in poison gas.
The deep troll looks as sick as possible!
You block the deep troll's attack. x2; The deep troll barely misses you.
The vault guard is engulfed in poison gas.
The vault guard looks as sick as possible!
The vault guard hits you with a +0 great mace!
* * * LOW HITPOINT WARNING * * *
The ironbound thunderhulk is engulfed in poison gas.
The ironbound thunderhulk looks as sick as possible!
Unknown command.
You kill the deep troll!
Trog accepts your kill.
The vault guard looks as sick as possible!
The ironbound thunderhulk looks as sick as possible!
Electricity crackles from the ironbound thunderhulk's apparatus.
The bolt of lightning hits you!!!
You die...

.......#....#..#......#.
..#...#....#..'......#.
..#.#..#...§§§.'......'.
...#...#...§§§.#......'.
.......#§§§☼#..'......#.
......H#§O§§#§§#......##
########§§§§§§§§#......#
#.......p########......#
#.......@# #......#
#........# #......#
#....)...# #......#
#.##..##.# #.)....#
#........# ######'######
#........###......#
##†########.......#
#.†....# #8.8.8...#
#......# #.⌠.⌠....#


You could see an ironbound thunderhulk (extremely poisoned), a vault guard
(extremely poisoned) and a harpy.

Vanquished Creatures
  the Lernaean hydra (Swamp:4)
  Nikola (Swamp:2)
  Kirke (Snake:4)
  A sphinx (Vaults:2)
  Frances (D:12)
  3 thorn hunters
  A fenstrider witch (Swamp:1)
  A nagaraja (Snake:3)
  2 fire giants (Vaults:2)
  4 vault wardens
  4 orc warlords
  2 ghouls (Swamp:2)
  2 frost giants
  Aizul (Snake:3)
  12 ironbound preservers
  A stone giant (Vaults:2)
  4 ironbound thunderhulks
  A vampire knight (Vaults:2)
  6 eleionomae
  7 bunyips
  An entropy weaver (Vaults:3)
  A blizzard demon (Gauntlet)
  10 dire elephants
  A minotaur (Gauntlet)
  2 crystal guardians (Vaults:2)
  Snorg (D:10)
  Josephine (D:10)
  A green death (Gauntlet)
  A fire dragon (Lair:6)
  4 boulder beetles
  Fannar (D:10)
  5 yaktaur captains
  An ice dragon (D:12)
  6 salamander tyrants
  Erolcha (D:11)
  26 hydras
  A peacekeeper (Vaults:2)
  7 vault guards
  3 ironbound frosthearts
  10 naga warriors
  10 centaur warriors
  A spriggan air mage (Swamp:4)
  A ghost crab (Lair:2)
  8 anacondas
  2 catoblepae
  6 two-headed ogres
  A death knight (D:11)
  An ogre mage (Vaults:2)
  A vampire mage (D:13)
  3 tengu warriors
  12 alligators
  16 death yaks
  12 naga sharpshooters
  4 shock serpents
  Urug (Orc:1)
  Sonja (D:10)
  3 orc high priests
  Nergalle (Lair:2)
  2 fire crabs
  14 salamander mystics
  41 deep trolls
  5 spriggan druids
  7 goliath frogs
  An obsidian statue (D:14)
  2 death drakes
  An orb spider (shapeshifter) (D:14)
  15 swamp dragons
  4 harpies (Vaults:1)
  4 wizards
  6 lindwurms (Vaults:2)
  A sphinx zombie (Vaults:2)
  10 bog bodies
  3 naga ritualists
  9 ironbound convokers
  6 orc knights
  Pikel (D:7)
  7 mana vipers
  A necromancer (Vaults:2)
  2 deep elf pyromancers (D:13)
  21 ugly things
  2 orc sorcerers
  27 salamanders
  4 will-o-the-wisps
  2 cyclopes
  6 manticores
  20 black mambas
  6 guardian serpents (Snake:4)
  11 elephants
  7 vault sentinels
  An ice statue (IceCv)
  A gargoyle (D:12)
  2 torpor snails
  14 naga magi
  3 molten gargoyles (Lair:6)
  An orange demon (Gauntlet)
  10 cane toads
  An efreet (D:13)
  2 human zombies (Vaults:2)
  A kobold demonologist (D:12)
  2 unseen horrors
  15 yaktaurs
  A freezing wraith (D:15)
  2 tengu conjurers
  13 komodo dragons
  16 rime drakes
  An ice devil (Gauntlet)
  A queen bee (D:11)
  6 bloated husks
  10 trolls
  6 tyrant leeches
  9 hornets
  6 polar bears
  5 blink frogs (Lair:4)
  30 slime creatures
  A shadow (D:12)
  10 spriggans
  5 wraiths (D:10)
  63 yaks
  4 vampires
  5 basilisks
  An elf zombie (Vaults:2)
  3 water elementals (D:13)
  4 humans (Snake:4)
  6 wyverns
  11 vampire mosquitoes
  3 fire bats (Gauntlet)
  4 steam dragons
  2 redbacks (Vaults:3)
  Menkaure (D:4)
  32 nagas
  Edmund (D:4)
  16 swamp worms
  5 wargs
  17 water moccasins
  2 acid dragons
  5 hell hounds (Lair:6)
  7 swamp drakes (Swamp:4)
  5 black bears
  60 orc warriors
  A sky beast (D:7)
  An ice beast (D:7)
  3 necrophages
  7 ogres
  10 wolves
  2 lemures (D:7)
  2 kobold brigands
  2 phantoms
  2 gnoll sergeants
  14 bullfrogs
  4 scorpions
  An earth elemental (Swamp:4)
  2 water moccasin skeletons
  25 killer bees
  An oklob sapling (D:6)
  5 wights (D:8)
  5 electric eels
  10 howler monkeys
  4 jellies
  4 lava snakes (Lair:6)
  4 centaur zombies
  A bullfrog skeleton (D:6)
  3 hounds
  Crazy Yiuf (D:4)
  40 orc priests
  3 centaur skeletons
  40 orc wizards
  Natasha (thrice) (D:2)
  2 iguanas
  A scorpion zombie (D:4)
  A mummy (D:7)
  Robin (D:4)
  7 gnolls
  8 adders
  3 shadow imps
  2 white imps
  A worm (D:2)
  2 dart slugs (D:1)
  125 orcs
  8 endoplasms
  6 giant cockroaches
  22 goblins
  18 hobgoblins
  4 jackals
  19 kobolds
  7 quokkas
  3 training dummies (D:8)
  10 ball pythons
  9 bats
  6 frilled lizards
  A hobgoblin zombie (D:7)
  2 kobold zombies (D:7)
  An orc zombie (D:7)
  12 rats
  A briar patch (Swamp:3)
  A demonic plant (D:1)
  8 foxfires
  48 fungi
  104 plants
  25 withered plants
1572 creatures vanquished.

Notes
Turn   | Place    | Note
-------+----------+-------------------------------------------
     0 | D:1      | jfcaron the Ogre Berserker began the quest for the Orb.
     0 | D:1      | Reached XP level 1. HP: 24/24 MP: 1/1
   444 | D:1      | Reached XP level 2. HP: 32/32 MP: 2/2
   589 | D:1      | Found a faded altar of an unknown god.
   647 | D:1      | Reached XP level 3. HP: 33/40 MP: 3/3
   972 | D:1      | Reached ** piety under Trog
  1492 | D:2      | Reached XP level 4. HP: 49/49 MP: 4/4
  1676 | D:2      | Found a white marble altar of Elyvilon.
  1742 | D:2      | Noticed Natasha
  1756 | D:2      | HP: 11/73 [Natasha/magic dart (9)]
  1757 | D:2      | Killed Natasha
  2403 | D:2      | Noticed Natasha
  2419 | D:2      | Killed Natasha
  2420 | D:2      | Reached skill level 5 in Fighting
  2420 | D:2      | Reached XP level 5. HP: 57/57 MP: 5/5
  3067 | D:2      | Found a white marble altar of Elyvilon.
  3672 | D:2      | Found a white marble altar of Elyvilon.
  3686 | D:2      | Noticed Natasha
  3692 | D:2      | Killed Natasha
  4145 | D:3      | Reached skill level 5 in Polearms
  4145 | D:3      | Reached XP level 6. HP: 66/66 MP: 6/6
  4972 | D:4      | Found a glowing drain.
  5005 | Sewer    | Entered a sewer
  5560 | D:4      | Reached skill level 6 in Fighting
  5857 | D:4      | Reached XP level 7. HP: 63/75 MP: 7/7
  6153 | D:4      | Found a runed translucent door.
  6154 | D:4      | Noticed Crazy Yiuf
  6216 | D:4      | Noticed Robin
  6247 | D:4      | Killed Robin
  6255 | D:4      | Reached *** piety under Trog
  6444 | D:4      | Noticed a steam dragon
  6691 | D:4      | Noticed Edmund
  6712 | D:4      | Killed Edmund
  6713 | D:4      | Reached skill level 7 in Fighting
  6713 | D:4      | Reached XP level 8. HP: 87/87 MP: 8/8
  6776 | D:4      | Noticed Menkaure
  6798 | D:4      | Killed Menkaure
  6799 | D:4      | Reached skill level 5 in Dodging
  7631 | D:5      | Entered Level 5 of the Dungeon
  7890 | D:5      | Reached skill level 8 in Fighting
  7965 | D:5      | Found a shadowy altar of Dithmenos.
  8367 | D:6      | Reached XP level 9. HP: 97/97 MP: 9/9
  8369 | D:6      | Found Vamysep's Antique Weapon Shop.
  8416 | D:6      | Found a staircase to the Ecumenical Temple.
  8768 | D:6      | Found Xiucypt's Magic Scroll Shop.
  8772 | D:6      | Bought a scroll of teleportation for 36 gold pieces
  8772 | D:6      | Bought a scroll of fear for 42 gold pieces
  8772 | D:6      | Bought a scroll of identify for 24 gold pieces
  8772 | D:6      | Bought a scroll of identify for 24 gold pieces
  9070 | D:6      | Found Sarr's Jewellery Boutique.
  9608 | D:7      | Reached skill level 9 in Fighting
  9645 | D:7      | Noticed Pikel
  9720 | D:7      | Killed Pikel
  9959 | D:7      | Reached skill level 10 in Polearms
 10218 | D:7      | Reached **** piety under Trog
 10479 | D:7      | Reached XP level 10. HP: 110/110 MP: 10/10
 10715 | D:8      | Found a glowing golden altar of the Shining One.
 10801 | D:8      | Reached skill level 10 in Fighting
 11608 | D:8      | Found Imypiuhofo's Firing Range.
 12439 | D:9      | Noticed a two-headed ogre
 12451 | D:9      | Killed a two-headed ogre
 12890 | D:9      | Reached skill level 11 in Fighting
 12939 | D:9      | Found a bloodstained altar of Trog.
 12940 | D:9      | Found a basalt altar of Yredelemnul.
 13375 | D:10     | Entered Level 10 of the Dungeon
 13375 | D:10     | Noticed Snorg
 13383 | D:10     | Killed Snorg
 13432 | D:10     | Reached XP level 11. HP: 105/120 MP: 11/11
 13899 | D:10     | Noticed Josephine
 13908 | D:10     | Killed Josephine
 14032 | D:10     | Noticed Fannar
 14066 | D:10     | Killed Fannar
 14067 | D:10     | Reached skill level 12 in Fighting
 14351 | D:10     | Noticed Sonja
 14362 | D:10     | Killed Sonja
 14595 | D:11     | Noticed a six-headed hydra
 14704 | D:11     | Noticed a death knight
 14724 | D:11     | Noticed a manticore
 14954 | D:11     | Noticed a two-headed ogre
 15115 | D:11     | Found Wanlawne's Gadget Gallery.
 15256 | D:11     | Noticed a boulder beetle
 15276 | D:11     | Killed a boulder beetle
 15562 | D:11     | Found a staircase to the Orcish Mines.
 15569 | D:11     | Killed a manticore
 15573 | D:11     | Noticed Erolcha
 15658 | D:11     | Killed a death knight
 15661 | D:10     | HP: 37/189 [poisoned by a water moccasin]
 15666 | D:10     | HP: 33/189 [poisoned by a water moccasin]
 16078 | D:11     | Killed a two-headed ogre
 16079 | D:11     | Reached XP level 12. HP: 112/133 MP: 12/12
 16265 | D:11     | Killed a six-headed hydra
 16266 | D:11     | Reached skill level 13 in Fighting
 16266 | D:11     | Reached skill level 1 in Armour
 16625 | D:11     | Killed Erolcha
 16742 | D:11     | Found a staircase to the Lair.
 17215 | D:4      | Killed Crazy Yiuf
 17219 | D:4      | Identified the +2 mace "Celol" {venom, Fragile rC+ rN+
                  | Will+}
 17498 | Lair:1   | Entered Level 1 of the Lair of Beasts
 17881 | D:11     | Found a staircase to the Lair.
 18066 | D:11     | Found Wanlawne's Gadget Gallery.
 18103 | D:11     | Found a staircase to the Orcish Mines.
 19533 | Lair:1   | Reached skill level 10 in Dodging
 19633 | Lair:1   | Reached skill level 14 in Fighting
 20111 | Lair:1   | Noticed a four-headed hydra
 20124 | Lair:1   | Killed a four-headed hydra
 20907 | Lair:2   | Reached skill level 5 in Armour
 20919 | Lair:2   | Reached skill level 15 in Fighting
 20919 | Lair:2   | Reached XP level 13. HP: 123/149 MP: 13/13
 22182 | Lair:2   | Noticed Nergalle
 22270 | Lair:2   | Killed Nergalle
 22646 | Lair:2   | Reached skill level 16 in Fighting
 22719 | Lair:2   | Reached ***** piety under Trog
 22816 | Lair:2   | Identified the +0 robe of the Elephant {Regen+ SInv}
 22978 | Lair:2   | Found a staircase to the Swamp.
 23864 | Lair:3   | Found a staircase to the Snake Pit.
 24425 | D:6      | Bought a scroll of acquirement for 624 gold pieces
 24605 | D:12     | Reached skill level 17 in Fighting
 24623 | D:12     | Found a frozen archway.
 24623 | D:12     | Noticed an ice dragon
 24655 | D:12     | Killed an ice dragon
 24665 | D:12     | HP: 29/157 [troll (9)]
 24671 | D:12     | HP: 25/157 [polar bear (1)]
 24824 | IceCv    | Entered an ice cave
 24840 | IceCv    | HP: 31/158 [polar bear (1)]
 25227 | IceCv    | Reached skill level 18 in Fighting
 25529 | IceCv    | Reached XP level 14. HP: 141/170 MP: 14/14
 25936 | IceCv    | Reached skill level 19 in Fighting
 26082 | IceCv    | Noticed a frost giant
 26108 | IceCv    | Killed a frost giant
 26432 | D:12     | Acquired 784 gold pieces
 26594 | D:6      | Bought a ring of protection from fire for 300 gold pieces
 27355 | Lair:4   | Reached skill level 1 in Shields
 27452 | Lair:4   | Reached skill level 1 in Evocations
 27792 | Lair:4   | Reached skill level 20 in Fighting
 29989 | Lair:6   | Entered Level 6 of the Lair of Beasts
 30037 | Lair:6   | Received a gift from Trog
 30667 | Lair:6   | Reached XP level 15. HP: 159/184 MP: 15/15
 30974 | Lair:6   | Found a staircase to the Slime Pits.
 31673 | Lair:6   | Found a large runed translucent door.
 31673 | Lair:6   | Found a large runed translucent door.
 32928 | Orc:1    | Entered Level 1 of the Orcish Mines
 32979 | Orc:2    | Entered Level 2 of the Orcish Mines
 32986 | Orc:2    | Reached skill level 5 in Shields
 33011 | Orc:2    | Found Sanaaril's Jewellery Boutique.
 33029 | Orc:2    | Bought a ring of see invisible for 150 gold pieces
 33286 | Orc:1    | Received a gift from Trog
 33522 | Orc:1    | Reached skill level 21 in Fighting
 33824 | Orc:1    | Noticed an orc warlord
 33840 | Orc:1    | Killed an orc warlord
 33913 | Orc:1    | Noticed Urug
 34582 | Orc:1    | Killed Urug
 34583 | Orc:1    | Reached skill level 5 in Evocations
 35729 | Orc:2    | Noticed an orc warlord
 35781 | Orc:1    | Killed an orc warlord
 36376 | Orc:2    | Found Gaocekhla's Armour Boutique.
 36441 | Orc:2    | Noticed an orc warlord
 37046 | D:11     | Killed an orc warlord
 37629 | Orc:2    | Found Zeomekko's Assorted Antiques.
 37634 | Orc:2    | Bought a scroll of enchant weapon for 135 gold pieces
 37634 | Orc:2    | Bought a scroll of teleportation for 54 gold pieces
 37832 | Orc:2    | Found Fama's Antique Armour Shop.
 37833 | Orc:2    | Found Uvyax's Antique Weapon Boutique.
 38012 | Orc:2    | Found a staircase to the Elven Halls.
 38223 | D:6      | Bought a scroll of enchant weapon for 90 gold pieces
 38695 | D:12     | Noticed Frances
 38708 | D:12     | Killed Frances
 39785 | D:13     | Reached XP level 16. HP: 140/197 MP: 16/16
 40935 | D:13     | Found Tattum's Assorted Antiques.
 41146 | D:14     | Found a radiant altar of Vehumet.
 41343 | D:14     | Received a gift from Trog
 41538 | D:14     | Found a gate to the Vaults.
 41583 | D:14     | Found a gateway to a bazaar.
 42339 | D:14     | Found Iweimaz's Weapon Emporium.
 42809 | D:15     | Entered Level 15 of the Dungeon
 42836 | D:15     | Reached skill level 22 in Fighting
 42874 | D:15     | Found a gate leading to a gauntlet.
 42882 | Gauntlet | Entered a Gauntlet
 42882 | Gauntlet | Found a transporter.
 42882 | Gauntlet | Found a transporter.
 43104 | Gauntlet | Found a transporter.
 43130 | Gauntlet | Found a transporter.
 43138 | Gauntlet | Found a transporter.
 43138 | Gauntlet | Found a transporter.
 43162 | Gauntlet | Found a transporter.
 43169 | Gauntlet | Found a transporter.
 43181 | Gauntlet | Found a transporter.
 43190 | Gauntlet | Found a transporter.
 43199 | Gauntlet | Found a transporter.
 43245 | Gauntlet | Found a transporter.
 43263 | Gauntlet | Found a transporter.
 43348 | Gauntlet | Found a transporter.
 43363 | Gauntlet | Found a transporter.
 43378 | Gauntlet | Found a transporter.
 43645 | Gauntlet | Identified the ring "Rabraev" {rC+ rN+ Int+7 Stlth+}
 43745 | Gauntlet | Identified the amulet of Yhis {rN++ Regen+ Int-4}
 44243 | D:15     | HP: 36/200 [large slime creature (19)]
 44249 | D:14     | HP: 23/200 [slime creature (3)]
 45204 | D:15     | Found a hide-covered altar of Uskayaw.
 45580 | D:15     | Found a staircase to the Depths.
 45585 | D:15     | Received a gift from Trog
 46416 | Bazaar   | Entered a bazaar
 46445 | Bazaar   | Found Voimaew's Weapon Shoppe.
 46460 | Bazaar   | Found Icheod's Antique Armour Emporium.
 46520 | Bazaar   | Found Rudonaob's Antique Weapon Emporium.
 46853 | Orc:2    | Bought a ring of poison resistance for 200 gold pieces
 47001 | Swamp:1  | Entered Level 1 of the Swamp
 47172 | Swamp:1  | HP: 23/201 [bunyip (26)]
 47383 | Snake:1  | Entered Level 1 of the Snake Pit
 48531 | Snake:1  | Found Viunib's Magic Scroll Shop.
 48537 | Snake:1  | Bought a scroll of teleportation for 45 gold pieces
 49547 | Snake:1  | Reached XP level 17. HP: 132/210 MP: 17/17
 50176 | Snake:2  | Reached skill level 10 in Shields
 50198 | Snake:2  | Found Efra's General Store.
 50198 | Snake:2  | Found Afek's Weapon Shop.
 50213 | Snake:2  | Bought a potion of curing for 45 gold pieces
 50213 | Snake:2  | Bought a condenser vane for 600 gold pieces
 50385 | Snake:2  | Found a snail-covered altar of Cheibriados.
 51455 | Snake:3  | Reached skill level 23 in Fighting
 51529 | Snake:3  | Found Girawnell's General Store.
 51531 | Snake:3  | Found Ireun's Specific Store.
 51540 | Snake:3  | Bought a scroll of fog for 36 gold pieces
 51871 | Snake:3  | Reached skill level 10 in Armour
 51921 | Snake:3  | Noticed Aizul
 51943 | Snake:3  | Killed Aizul
 52298 | Snake:4  | Entered Level 4 of the Snake Pit
 52724 | Snake:4  | Noticed Kirke
 52743 | Snake:4  | Killed Kirke
 53325 | Snake:4  | Received a gift from Trog
 53470 | Snake:4  | Found Vydokk's General Store.
 53474 | Snake:4  | Bought a scroll of acquirement for 988 gold pieces
 53474 | Snake:4  | Acquired a +6 vampiric demon trident
 54645 | Snake:4  | HP: 34/211 [salamander mystic (12)]
 54646 | Snake:4  | HP: 12/211 [salamander (11)]
 54646 | Snake:4  | HP: 4/211 [salamander mystic/bolt of magma (8)]
 55139 | Snake:4  | Found Vydokk's General Store.
 56333 | Snake:4  | Reached XP level 18. HP: 212/222 MP: 18/18
 56650 | Snake:4  | Got a serpentine rune of Zot
 57365 | Swamp:1  | Paralysed by a fenstrider witch for 4 turns
 57850 | Swamp:2  | Noticed Nikola
 57861 | Swamp:2  | Killed Nikola
 58445 | Swamp:2  | Received a gift from Trog
 59623 | Swamp:3  | Reached skill level 10 in Evocations
 60289 | Swamp:4  | Entered Level 4 of the Swamp
 60749 | Swamp:4  | Reached ****** piety under Trog
 60874 | Swamp:4  | Reached XP level 19. HP: 211/231 MP: 19/19
 61115 | Swamp:4  | Noticed the 27-headed Lernaean hydra
 61121 | Swamp:4  | Killed the 27-headed Lernaean hydra
 61138 | Swamp:4  | Got a decaying rune of Zot
 61794 | Vaults:1 | Entered Level 1 of the Vaults
 62753 | Vaults:1 | Received a gift from Trog
 63519 | Vaults:2 | HP: 45/234 [deep troll[an ironbound preserver] (16)]
 63519 | Vaults:2 | HP: 19/234 [deep troll[an ironbound preserver] (9)]
 63521 | Vaults:2 | HP: 6/234 [sphinx/divine providence (16)]
 63755 | Vaults:2 | Found Veaclan's Armour Shop.
 63887 | Vaults:2 | Found a staircase to the Crypt.
 64165 | Vaults:2 | Reached XP level 20. HP: 244/244 MP: 20/20
 64213 | Vaults:2 | Reached skill level 24 in Fighting
 64271 | Vaults:2 | HP: 45/244 [ironbound preserver/stone (6)]
 64307 | Vaults:2 | Received a gift from Trog
 65158 | Vaults:2 | Found Uzxim's Weapon Shop.
 65507 | Vaults:2 | Found Meazaire's Antique Weapon Emporium.
 65782 | Vaults:2 | Received a gift from Trog
 65967 | Vaults:2 | Found Xump's Antique Weapon Emporium.
 66051 | Vaults:2 | Found Boykkufo's Magic Scroll Boutique.
 66402 | Vaults:3 | Found Dazotedi's Weapon Shop.
 66813 | Vaults:3 | HP: 32/247 [ironbound thunderhulk/bolt of lightning (53)]
 66816 | Vaults:3 | Killed from afar by an ironbound thunderhulk

Illustrated notes

Levels and vault maps discovered:
D:1:      shiori_arrival_elements, layout_loops_corners,
          shapermc_ecumenical_altar_gd, serial_glass, glass_columns_a,
          glass_columns_b, glass_columns_b, glass_columns_c, glass_columns_a,
          glass_columns_c, glass_columns_c, glass_columns_b, glass_columns_c,
          glass_columns_a, feat_on_display, hangedman_glass_teeth
D:2:      layout_basic, basic_altar, st_stairs_9, uniq_natasha
D:3:      layout_basic
D:4:      minmay_clustersquares, layout_basic, portal_sewer_entry_f,
          minivault_5, minmay_fractal_squares_diagonal_5, uniq_edmund,
          uniq_menkaure, uniq_robin, uniq_crazy_yiuf_cottage
D:5:      layout_rooms, nicolae_dithmenos_shadow_blocks
D:6:      layout_basic, minmay_temple_entry_oklob, serial_shops,
          nicolae_stop_n_shop_1, shop, shop
D:7:      layout_basic, columned_hall_lemuel, minmay_mini_ossuary, uniq_pikel
D:8:      layout_gridville, nicolae_overflow_hidden_temple,
          nicolae_shop_firing_range
D:9:      layout_irregular_city, grunt_temple_overflow_open
D:10:     layout_roguey, uniq_fannar, uniq_sonja, uniq_snorg, uniq_josephine
D:11:     layout_cave_pools, due_lair_maze_entry_diamond, erik_orc_4,
          special_room [special_room_orc], hangedman_abyss_or_decor_stagger,
          nicolae_shop_gadgets, uniq_erolcha
D:12:     layout_irregular_city, portal_ice_cave_entry_animals_and_master,
          uniq_frances
D:13:     layout_basic, serial_shops, kennysheep_mini_moat, serial_bayou,
          serial_bayou_pond_a, serial_bayou_lake_a, serial_bayou_lagoon_a,
          serial_bayou_pond_c, serial_bayou_pond_b, hangedman_decor_growths,
          minmay_librarian
D:14:     layout_basic, david_vaults_5, serial_shops, statue_bzr,
          nicolae_stop_n_shop_2, fiery_altar_vehumet
D:15:     hangedman_depths_entry_try_elsewhere_first, layout_small_grid,
          gauntlet_entry_generic, nicolae_uskayaw_murder_on_the_dancefloor,
          chequers_serial_rivers_large_a, st_stairs_12
Lair:1:   layout_gridlike, special_room [special_room_bee],
          infiniplex_staircase_pool, serial_bayou_shore_a
Lair:2:   layout_concentric_octagons, palyth_hydra_swamp_entry,
          beast_lair_carwin_11, grunt_megastairs_2, uniq_nergalle
Lair:3:   layout_roguey, minmay_snake_entry_guardpost_small,
          chequers_serial_rivers_micro_b
Lair:4:   layout_layer_cave
Lair:5:   layout_regular_city, serial_bayou_pond_a
Lair:6:   cheibrodos_lair_end_hotspot, layout_big_grid, dpeg_slime_entry_corner,
          chequers_serial_rivers_micro_d
Swamp:1:  layout_falls_marsh, evilmike_swamp_ruin_rubble_1
Swamp:2:  layout_falls_marsh, evilmike_swamp_ruin_house_3, swamp_pool4,
          uniq_nikola
Swamp:3:  layout_falls_marsh, nicolae_swamp_little_tower, swamp_pool4,
          nicolae_swamp_oxbows
Swamp:4:  grunt_swamp_rune_castle, layout_basic_swamp, nzn_swamp_blast_mining
Snake:1:  cheibrodos_snake_lava_hold, layout_layer_cave, serial_shops,
          nicolae_shop_trees, corexii_hall_statues_u
Snake:2:  layout_layer_cave, basic_altar, minmay_shoptagon
Snake:3:  layout_rooms, nicolae_snake_gridmaze_zigzag, nicolae_specific_store,
          uniq_aizul
Snake:4:  grunt_snake_rune_pools, layout_onion, serial_shops,
          nicolae_shop_hallway_stairs, abandoned_shop, uniq_kirke
Orc:1:    orc_temple, layout_diamond_mine, nicolae_orc_stony_grotto, uniq_urug
Orc:2:    grunt_orc_community_town_hall, layout_diamond_mine,
          grunt_orc_community_big_house_1, grunt_orc_community_big_house_2,
          grunt_orc_community_house_1, grunt_orc_community_house_1,
          grunt_orc_community_house_3, grunt_orc_community_house_3,
          grunt_orc_community_house_1, grunt_orc_community_house_1,
          serial_shops, shop_coins
Vaults:1: vaults_dpeg_spiral, nicolae_vaults_meeting, v_misc_16, v_misc_26,
          grunt_vaults_swirl, nicolae_vaults_circle_grid_a,
          nicolae_vaults_network_star, vaults_room_fours,
          nicolae_vaults_three_branches, layout_vaults_chaotic_city,
          serial_glass
Vaults:2: minmay_crypt_entry_vampire_xt, nicolae_vaults_network_periphery,
          ontoclasm_vaults_chip, vaults_room_hangedman_quadrants,
          hangedman_vaults_capsules, nicolae_vaults_alarming,
          layout_vaults_omnigrid, serial_shops,
          nicolae_shop_bloodbath_and_beyond, shop,
          nicolae_shop_advertising_works [nicolae_subvault_shop_adworks],
          nicolae_shop_trees, shop
Vaults:3: v_misc_3, grunt_tower_of_power, vaults_room_hallway,
          hangedman_vaults_corner, v_misc_22, v_misc_25, hangedman_vaults_hat,
          nicolae_vaults_sealed_display, nicolae_vaults_border_crossing,
          v_misc_14, ontoclasm_vaults_ring_small, v_misc_30,
          layout_vaults_big_cross, serial_shops, shop, shop_fountains,
          nicolae_shop_temple_entry_statues_fountains, uniq_boris,
          uniq_frederick

Skill      XL: |  1  2  3  4  5  6  7  8  9 10 11 12 13 14 15 16 17 18 19 20 |
---------------+-------------------------------------------------------------+-----
Dodging        | 3 4 5 6 8 9 10 11 12 13 14 | 14.2
Polearms       | 4 5 7 8 10 12 13 14 | 14.0
Fighting       | 5 6 7 8 9 11 12 15 18 20 21 22 23 24 | 24.9
Armour         | 5 7 8 9 10 12 | 12.2
Shields        | 4 6 9 11 12 13 14 | 14.2
Evocations     | 3 6 8 9 10 12 | 12.0

Action                   |  1- 3 |  4- 6 |  7- 9 | 10-12 | 13-15 | 16-18 | 19-21 || total
-------------------------+-------+-------+-------+-------+-------+-------+-------++-------
Melee: Spear             |   131 |   240 |    28 |       |       |       |       ||   399
       Punch             |     3 |       |     4 |    13 |    11 |       |       ||    31
       Trident           |       |       |   329 |   841 |  1363 |       |       ||  2533
       Demon trident     |       |       |       |       |   383 |  1716 |  1139 ||  3238
Throw: Stone             |     2 |       |       |       |       |       |       ||     2
       Dart              |       |       |    10 |    64 |    13 |    25 |       ||   112
       Boomerang         |       |       |       |       |       |    43 |       ||    43
       Javelin           |       |       |       |       |       |     3 |       ||     3
       Large rock        |       |       |       |       |       |     1 |       ||     1
Invok: Berserk           |     4 |     9 |    10 |    20 |    18 |    16 |     2 ||    79
       Trog's Hand       |       |       |     1 |     2 |     1 |       |       ||     4
       Brothers in Arms  |       |       |       |     1 |     7 |     1 |       ||     9
Evoke: Wand              |       |       |       |    11 |    14 |    32 |     3 ||    60
       Tin of tremorston |       |       |       |       |       |     6 |     6 ||    12
       Phantom mirror    |       |       |       |       |       |     2 |     1 ||     3
       Condenser vane    |       |       |       |       |       |     1 |     3 ||     4
       Box of beasts     |       |       |       |       |       |       |     2 ||     2
  Use: Scroll            |       |     3 |     7 |     9 |    22 |     8 |     2 ||    51
       Potion            |       |       |       |     1 |     5 |     2 |     1 ||     9
 Stab: Sleeping          |     1 |     1 |     1 |       |       |       |       ||     3
       Paralysed         |       |       |       |     6 |       |     3 |       ||     9
       Invisible         |       |       |       |       |     3 |       |       ||     3
       Distracted        |       |       |       |       |     2 |     1 |     1 ||     4
Armor: Animal skin       |    21 |    41 |    85 |       |       |       |       ||   147
       Robe              |       |       |     7 |    43 |       |       |       ||    50
       Acid dragon scale |       |       |       |   189 |   102 |       |       ||   291
       Ice dragon scales |       |       |       |       |   391 |   657 |   444 ||  1492
Dodge: Dodged            |    47 |    62 |    98 |   338 |   379 |   419 |   302 ||  1645
Block: Kite shield       |       |       |       |       |   228 |   538 |   410 ||  1176
